 Dungeon Crawl Stone Soup version 0.31-a0-193-gdfe2569204 (webtiles) character file.

Game seed: 17018288118380676520

790 qw the Skirmisher (level 7, 0/40 HPs)
             Began as a Deep Elf Hunter on June 23, 2023.
             Slain by a gnoll
             ... wielding a +0 whip
              (4 damage)
             ... on level 5 of the Dungeon.
             The game lasted 00:01:37 (3404 turns).

qw the Skirmisher (Deep Elf Hunter)                 Turns: 3404, Time: 00:01:37

Health: 0/40       AC: 10    Str: 10    XL:     7   Next: 57%
Magic:  9/9        EV: 11    Int: 14    God:
Gold:   247        SH:  5    Dex: 18    Spells: 6/6 levels left

rFire   . . .        Y - +0 shortbow
rCold   . . .        (shield currently unavailable)
rNeg    . . .        b - +0 ring mail
rPois   .            l - +0 helmet
rElec   .            d - +0 cloak
rCorr   .            g - +0 pair of gloves
SInv    +            q - +0 pair of boots
Will    .....        e - amulet of reflection
Stlth   +            n - ring of see invisible
HPRegen 0.26/turn    (no ring)
MPRegen 0.11/turn

%: reflection
@: no status effects
A: no striking features
a: no special abilities


You were on level 5 of the Dungeon.
You visited 1 branch of the dungeon, and saw 5 of its levels.
You also visited: Ossuary.

You collected 247 gold pieces.


   Skills:
 - Level 2.0 Fighting
 + Level 10.6 Ranged Weapons
 - Level 3.0 Armour
 - Level 3.4 Dodging
 - Level 1.2 Stealth


You had 6 spell levels left.
You didn't know any spells.
Your spell library was empty.

Inventory:

Hand Weapons
 Y - a +0 shortbow (weapon)
Armour
 b - a +0 ring mail (worn)
 d - a +0 cloak (worn)
 f - the +1 robe "Qaona" {rN+ Int+3 SInv}
   (You found it on level 5 of the Dungeon)

   Int:       It affects your intelligence (+3).
   rN:        It protects you from negative energy.
   SInv:      It lets you see invisible.
 g - a +0 pair of gloves (worn)
 l - a +0 helmet (worn)
 q - a +0 pair of boots (worn)
Jewellery
 e - an amulet of reflection (around neck)
 n - a ring of see invisible (left hand)
Scrolls
 c - a scroll of identify
 p - a scroll of silence {unknown}
Potions
 a - a potion of attraction {unknown}
 h - a potion of curing {unknown}
 i - a potion of mutation {unknown}
 j - a potion of resistance {unknown}
 k - a potion of might {unknown}
 m - a potion of cancellation

Dungeon Overview and Level Annotations

Branches:
Dungeon (5/15)            Ossuary (visited)
 Temple: D:4-7

Altars:
Nemelex Xobeh
Trog
Yredelemnul
The Shining One

Shops:
D:5 *


Message History

The gnoll misses you. The gnoll closely misses you.
The gnoll hits you with a +0 flail!
The orc priest casts a cantrip, but nothing happens.
The gnoll hits you but does no damage. The gnoll barely misses you. x2
3396 ||| DRINKING potion of heal wounds.
You feel much better. The gnoll closely misses you.
The gnoll hits you with a +0 flail. You block the gnoll's attack.
You shoot an arrow. The arrow hits the gnoll!
You kill the gnoll!
You block the gnoll's attack.
You shoot an arrow.
The arrow hits the orc priest but does no damage.
The gnoll hits you but does no damage. The gnoll hits you with a +0 flail.
The orc priest jeers repeatedly, as Orcs often do.
The orc priest hits you with a +0 heavy hand axe.
An orc comes into view. It is wielding a +0 short sword.
You shoot an arrow. The arrow completely misses the gnoll.
The arrow hits the kobold brigand but does no damage.
The gnoll barely misses you. x2; The gnoll hits you with a +0 club.
You shoot an arrow. The arrow hits the gnoll!
You kill the gnoll!
The gnoll hits you with a +0 flail! You block the gnoll's attack.
You shoot an arrow. The arrow hits the orc priest!
The orc priest is heavily wounded.
The orc priest barely misses you. The gnoll hits you but does no damage.
The gnoll barely misses you. x2
You shoot an arrow. The arrow barely misses the orc priest.
The arrow hits the kobold brigand.
The kobold brigand is lightly wounded.
The gnoll misses you. You block the orc priest's attack.
The gnoll barely misses you. The gnoll hits you with a +0 club.
You shoot an arrow. The arrow hits the orc priest.
The orc priest is severely wounded.
The gnoll hits you with a +0 flail. The gnoll hits you but does no damage.
You block the gnoll's attack.
You shoot an arrow. The arrow hits the orc priest.
You kill the orc priest!
You block the gnoll's attack. The gnoll hits you with a +0 whip.
You die...

.....%...........).......
~~~~~~~....~~~~~~~~~~~~~~
~~~~~~~....~~~~~~~~~~~~~~
~~~~~%~....~~~~~~~~~~~~##
.......................#o
#######''''#############.
#######....# #+
+.....'....+ #######g@g.#
##og##


.Kogo ..oo.... ........... ............ #####''###### +..+ You could see a
kobold brigand, 4 gnolls and 5 orcs.

Vanquished Creatures
  Grinder (D:4)
  A steam dragon (D:5)
  2 scorpions
  An orc priest (D:5)
  A hound (D:5)
  An iguana (D:4)
  Jessica (D:2)
  Natasha (thrice) (D:3)
  3 mummies (Ossuary)
  3 gnolls (D:5)
  2 adders
  A shadow imp (D:5)
  3 worms
  2 dart slugs
  7 orcs
  5 ball pythons
  7 bats
  8 endoplasms
  3 giant cockroaches
  2 hobgoblins (D:2)
  10 jackals
  A quokka (D:2)
  3 frilled lizards
  2 goblins (D:2)
  3 goblin zombies
  2 hobgoblin zombies (Ossuary)
  6 kobolds
  4 kobold zombies (Ossuary)
  2 quokka zombies (Ossuary)
  15 rats
  3 rat zombies
108 creatures vanquished.

Notes
Turn   | Place    | Note
-------+----------+-------------------------------------------
     0 | D:1      | qw the Deep Elf Hunter began the quest for the Orb.
     0 | D:1      | Reached XP level 1. HP: 12/12 MP: 3/3
     0 | D:1      | 0 ||| qw: Version: 0.3-a-9-g12657ce
     0 | D:1      | 0 ||| qw: Game counter: 4612
     0 | D:1      | 0 ||| qw: Always use a shield: true
     0 | D:1      | 0 ||| qw: God list: Okawaru
     0 | D:1      | 0 ||| qw: Allow faded altars: false
     0 | D:1      | 0 ||| qw: Do Orc after D:15 true
     0 | D:1      | 0 ||| qw: Do second Lair branch before Depths: true
     0 | D:1      | 0 ||| qw: Lair rune preference: random
     0 | D:1      | 0 ||| qw: Plans: Normal
     0 | D:1      | 0 ||| PLANNING D:1-11
    68 | D:1      | Reached XP level 2. HP: 16/16 MP: 4/4
    82 | D:1      | Reached skill level 6 in Ranged Weapons
   406 | D:1      | 406 ||| UPGRADING to +0 scale mail.
   416 | D:1      | 416 ||| DROPPING +0 leather armour.
   417 | D:1      | 417 ||| UPGRADING to +0 pair of gloves.
   422 | D:1      | 422 ||| READING scroll labelled GUXEAW SAIJYRU.
   423 | D:1      | 423 ||| READING scroll labelled IWE IRCHUUMO.
   424 | D:1      | 424 ||| DROPPING scroll of butterflies.
   492 | D:2      | Reached XP level 3. HP: 18/20 MP: 5/5
   852 | D:2      | Reached skill level 7 in Ranged Weapons
   852 | D:2      | 852 ||| FLEEEEING.
   853 | D:2      | 853 ||| FLEEEEING.
   854 | D:2      | 854 ||| FLEEEEING.
   877 | D:2      | Noticed Jessica
   883 | D:2      | HP: 5/20 [Jessica/nerve-wracking pain (14)]
   885 | D:2      | Killed Jessica
   886 | D:2      | Reached XP level 4. HP: 7/25 MP: 6/6
  1286 | D:2      | 1286 ||| UPGRADING to +0 ring mail.
  1296 | D:2      | 1296 ||| DROPPING +0 scale mail.
  1297 | D:2      | 1297 ||| UPGRADING to amulet of regeneration.
  1302 | D:2      | 1302 ||| READING 2 scrolls labelled GUCIETO RAMO.
  1303 | D:2      | 1303 ||| READING 3 scrolls labelled AFUEBLI IMESM.
  1308 | D:2      | 1308 ||| DROPPING scroll of noise.
  1556 | D:3      | Noticed Natasha
  1562 | D:3      | Killed Natasha
  1563 | D:3      | Reached skill level 8 in Ranged Weapons
  1602 | D:3      | Noticed Natasha
  1619 | D:3      | HP: 6/25 [cerulean imp/+0 spear[Natasha] (2)]
  1620 | D:3      | 1620 ||| READING 2 scrolls of teleportation.
  1620 | D:3      | HP: 2/25 [cerulean imp/+0 spear[Natasha] (2)]
  1746 | D:3      | Found a glowing golden altar of the Shining One.
  1816 | D:3      | Killed Natasha
  1817 | D:3      | Reached XP level 5. HP: 27/29 MP: 7/7
  1846 | D:3      | Found a sparkling altar of Nemelex Xobeh.
  2045 | D:3      | Found a bloodstained altar of Trog.
  2071 | D:3      | Noticed Natasha
  2080 | D:3      | Killed Natasha
  2117 | D:3      | 2117 ||| UPGRADING to +0 cloak.
  2122 | D:3      | 2122 ||| UPGRADING to +0 helmet.
  2127 | D:3      | 2127 ||| UPGRADING to ring of see invisible.
  2128 | D:3      | 2128 ||| READING scroll labelled JOGYIR MAGE.
  2129 | D:3      | 2129 ||| READING scroll labelled ULIW ESCHUANIOT.
  2179 | D:4      | 2179 ||| PLANNING OSSUARY
  2313 | D:4      | Noticed Grinder
  2327 | D:4      | Paralysed by Grinder for 5 turns
  2336 | D:4      | Killed Grinder
  2337 | D:4      | Reached skill level 3 in Armour
  2337 | D:4      | Reached XP level 6. HP: 21/34 MP: 8/8
  2446 | D:4      | Found a sand-covered staircase.
  2447 | D:4      | 2447 ||| UPGRADING to +0 pair of boots.
  2452 | D:4      | 2452 ||| READING scroll labelled ESHRUASMATI.
  2453 | D:4      | 2453 ||| READING scroll labelled GADGHA PIRRAVAMN.
  2454 | D:4      | 2454 ||| DRINKING 2 white potions.
  2468 | Ossuary  | Entered an ossuary
  2472 | Ossuary  | Reached skill level 9 in Ranged Weapons
  2476 | Ossuary  | HP: 2/35 [mummy (14)]
  2477 | Ossuary  | 2477 ||| READING scroll of teleportation.
  2656 | D:4      | 2656 ||| PLANNING D:1-11
  3000 | D:4      | Found a basalt altar of Yredelemnul.
  3004 | D:4      | 3004 ||| UPGRADING to amulet of reflection.
  3014 | D:4      | 3014 ||| DROPPING amulet of regeneration.
  3015 | D:4      | 3015 ||| DRINKING 2 fizzy dark potions.
  3047 | D:5      | Entered Level 5 of the Dungeon
  3055 | D:5      | 3055 ||| STAIRDANCE
  3069 | D:4      | Reached XP level 7. HP: 28/40 MP: 9/9
  3153 | D:5      | Identified the +1 robe "Qaona" {rN+ Int+3 SInv}
  3189 | D:5      | Found Udotiadd's Assorted Antiques.
  3194 | D:5      | Noticed a steam dragon
  3199 | D:5      | Killed a steam dragon
  3200 | D:5      | Reached skill level 10 in Ranged Weapons
  3262 | D:5      | Reached skill level 3 in Dodging
  3395 | D:5      | HP: 7/40 [gnoll/+0 flail (8)]
  3396 | D:5      | 3396 ||| DRINKING potion of heal wounds.
  3400 | D:5      | HP: 7/40 [gnoll/+0 flail (8)]
  3404 | D:5      | Slain by a gnoll

Levels and vault maps discovered:
D:1:      dpeg_arrival_ratfight, layout_rooms
D:2:      wad_pebble_path, layout_basic, minmay_tetromino_l2, uniq_jessica
D:3:      layout_loops_ring, mainiacjoe_overflow_alcove_2, tso_metal_star,
          nemelex_dance_club_becter, uniq_natasha
D:4:      layout_loops_cross, marbit_many_paths, enter_ossuary_4, uniq_grinder
D:5:      lemuel_castle_with_subvaults [lemuel_castle_interior_original],
          layout_loops_cross, mainiacjoe_overflow_paths,
          nicolae_take_the_stairs, uniq_sigmund

Skill      XL: |  1  2  3  4  5  6  7 |
---------------+----------------------+-----
Ranged Weapons | 6 7 8 9 10 | 10.6
Armour         | 3 |  3.0
Fighting       | 2 |  2.0
Dodging        | 3 |  3.4
Stealth        | |  1.2

Action                     |  1- 3 |  4- 6 |  7- 9 || total
---------------------------+-------+-------+-------++-------
   Fire: Shortbow          |   113 |   215 |    75 ||   403
    Use: Scroll            |     2 |     8 |       ||    10
         Potion            |       |     2 |     1 ||     3
 Armour: Scale mail        |    16 |     5 |       ||    21
         Ring mail         |       |    43 |    18 ||    61
  Dodge: Dodged            |    23 |    64 |    30 ||   117
  Block: Other             |       |     6 |    14 ||    20

Table legend:
 A = Non-vault XP
 B = Vault XP
 C = Vault XP percentage of total XP
 D = Non-vault monster count
 E = Vault monster count
 F = Vault count percentage of total count
                 A         B        C        D         E       F
            +---------+---------+-------+---------+---------+-------
      Total |     644 |     526 |  45.0 |      68 |      40 |  37.0
            +---------+---------+-------+---------+---------+-------
        D:1 |      23 |       5 |  17.9 |      16 |       5 |  23.8
        D:2 |      52 |      42 |  44.7 |      23 |       3 |  11.5
        D:3 |      93 |      40 |  30.1 |      12 |       3 |  20.0
        D:4 |     146 |     276 |  65.4 |      12 |       4 |  25.0
        D:5 |     330 |      97 |  22.7 |       5 |      10 |  66.7
    Ossuary |       0 |      66 | 100.0 |       0 |      15 | 100.0
            +---------+---------+-------+---------+---------+-------
